 Dungeon Crawl Stone Soup version 0.19-a0-1886-gd64a0f0 (webtiles) character file.

74 JeffiDaFish the Grasshopper (level 4, -3/37 HPs)
             Began as a Draconian Warper on Oct 17, 2016.
             Slain by Grinder (10 damage)
             ... while paralysed by Grinder
             ... on level 2 of the Dungeon.
             The game lasted 00:07:24 (2036 turns).

JeffiDaFish the Grasshopper (Draconian Warper)      Turns: 2036, Time: 00:07:25

Health: -3/37      AC:  6    Str: 14    XL:     4   Next: 10%
Magic:  7/7        EV:  2    Int: 14    God:
Gold:   86         SH:  0    Dex: 10    Spells: 2 memorised, 3 levels left

rFire  . . .     SeeInvis .     a - +1 falchion
rCold  . . .     Gourm    .     (armour unavailable)
rNeg   . . .     Faith    .     (no shield)
rPois  .         Spirit   .     (helmet restricted)
rElec  .         Dismiss  .     n - +0 cloak
rCorr  .         Reflect  .     (no gloves)
MR     .....     Harm     .     (no boots)
Stlth  +.........               o - amulet of rage
                                (no ring)
                                (no ring)

@: paralysed, drained
A: unfitting armour, cold-blooded, AC +5
a: Evoke Berserk Rage


You were on level 2 of the Dungeon.
You were not hungry.

You visited 1 branch of the dungeon, and saw 3 of its levels.

You collected 86 gold pieces.

Inventory:

Hand Weapons
 a - a +1 falchion (weapon)
Missiles
 d - 5 tomahawks of dispersal (quivered)
Armour
 n - a +0 cloak (worn)
Jewellery
 o - an amulet of rage (around neck)
Scrolls
 c - a scroll of blinking
 l - a scroll of identify
Potions
 m - a potion of brilliance
Books
 b - a book of Spatial Translocations

   Spells                             Type                      Level
   a - Blink                          Translocation                2
   b - Shroud of Golubria             Charms/Translocation         2
   c - Lesser Beckoning               Translocation                3
   d - Portal Projectile              Translocation                3
   e - Teleport Other                 Translocation                3
   f - Passage of Golubria            Translocation                4
Comestibles
 f - 2 bread rations
 g - 2 chunks of flesh
 h - 2 fruits
 i - 2 royal jellies
 j - 2 meat rations
 k - a beef jerky


   Skills:
 + Level 2.9(1.8) Fighting
 + Level 2.7(1.7) Long Blades
 + Level 1.1(0.1) Throwing
 + Level 2.7(1.7) Dodging
 + Level 0.2(0.0) Stealth
 + Level 2.2(1.2) Spellcasting
 + Level 3.3(2.3) Translocations


You had 3 spell levels left.
You knew the following spells:

 Your Spells              Type           Power        Failure   Level  Hunger
a - Blink                 Tloc           N/A          17%         2    ###....
b - Shroud of Golubria    Chrm/Tloc      #.........   30%         2    ###....


Dungeon Overview and Level Annotations

Branches:
Dungeon (3/15)

Altars:
Vehumet

Annotations:
D:2 Grinder
D:3 Aer1al's ghost, amateur VSAs


Innate Abilities, Weirdness & Mutations

Your plain brown scales are hard. (AC +5)
You cannot fit into any form of body armour.
You are cold-blooded and may be slowed by cold attacks.


Message History

There is a stone staircase leading up here.
You can't go down here!
Grinder barely misses you.
Aer1al's ghost shouts, "What do you have that I didn't have?"
Aer1al's ghost hits you.
You climb upwards.
There is a stone staircase leading down here.
You barely miss Grinder. Grinder gestures at you.
You suddenly lose the ability to move!
Grinder says, "Tell me all your secrets, or I'll kill you."
Grinder gestures at you. Pain shoots through your body! Grinder hits you.
* * * LOW HITPOINT WARNING * * *
Grinder says, "Wait up."
Grinder hits you but does no damage. Grinder hits you but does no damage.
Grinder hits you!
You die...

#....................##
####.##########.....##
##.## ##...## ##...##
##'##
##.....##########.#
#..............##.#
#..........###.##.##
#.......##.# #.#...##
##...5@.##.###......#
##...#........#...####
########.............
##############


You could see Grinder.

Vanquished Creatures
  2 adders (D:2)
  An ooze (D:2)
  2 dart slugs (D:1)
  A worm (D:2)
  A leopard gecko (D:1)
  2 giant cockroaches
  4 goblins
  4 hobgoblins
  9 jackals
  2 quokkas (D:2)
  A ball python (D:1)
  4 bats
  4 frilled lizards (D:1)
  3 kobolds (D:1)
  3 rats
43 creatures vanquished.

Notes
Turn   | Place    | Note
-------+----------+-------------------------------------------
     0 | D:1      | JeffiDaFish the Draconian Warper began the quest for the Orb.
     0 | D:1      | Reached XP level 1. HP: 17/17 MP: 3/3
   103 | D:1      | Reached skill level 1 in Throwing
   132 | D:1      | Reached XP level 2. HP: 13/25 MP: 5/5
   279 | D:1      | Learned a level 2 spell: Blink
   282 | D:1      | Learned a level 2 spell: Shroud of Golubria
   682 | D:1      | Reached XP level 3. HP: 30/30 MP: 6/6
  1461 | D:2      | Found a radiant altar of Vehumet.
  1760 | D:2      | Reached XP level 4. HP: 36/37 MP: 7/7
  2019 | D:3      | Noticed Grinder
  2019 | D:3      | Noticed Aer1al's ghost (amateur VSAs)
  2021 | D:3      | Paralysed by Grinder for 3 turns
  2031 | D:2      | Paralysed by Grinder for 7 turns
  2036 | D:2      | Slain by Grinder

Vault maps used:
D:1:      dpeg_arrival_castle
D:2:      nicolae_overflow_crystal_walls, st_stairs_4
D:3:      first_bread, uniq_grinder, uniq_robin

Skill      XL: |  1 |
---------------+----+-----
Throwing       | 1 |  1.1
Fighting       | |  2.9
Long Blades    | |  2.7
Dodging        | |  2.7
Stealth        | |  0.2
Spellcasting   | |  2.2
Translocations | |  3.3

Action                   |  1- 3 |  4- 6 || total
-------------------------+-------+-------++-------
Melee: Falchion          |   124 |    21 ||   145
       Tailslap          |    11 |     1 ||    12
  Use: Scroll            |     3 |     1 ||     4
       Potion            |     3 |       ||     3
 Stab: Sleeping          |     2 |       ||     2
  Eat: Chunk             |     3 |     1 ||     4
Armor: Skin              |    47 |    15 ||    62
Dodge: Dodged            |    91 |    21 ||   112
       Rpst.: Falchion   |    24 |     4 ||    28
